 Dungeon Crawl Stone Soup version 0.29.0-13-gc9e81de378 (webtiles) character file.

Game seed: 10863548998196942940

8 Artool the Cudgeller (level 2, 22/22 HPs)
             Began as a Demonspawn Gladiator on Sept 7, 2022.
             Quit the game on level 1 of the Dungeon.
             The game lasted 00:00:35 (423 turns).

Artool the Cudgeller (Demonspawn Gladiator)          Turns: 423, Time: 00:00:36

Health: 22/22      AC:  4    Str: 14    XL:     2   Next: 0%
Magic:  2/2        EV: 12    Int: 11    God:
Gold:   12         SH:  0    Dex: 14    Spells: 1/1 levels left

rFire   . . .      SeeInvis .   a - +0 flail
rCold   . . .      Faith    .   (no shield)
rNeg    . . .      Spirit   .   b - +0 leather armour
rPois   .          Reflect  .   c - +0 helmet
rElec   .          Harm     .   (no cloak)
rCorr   .          Rampage  .   (no gloves)
Will    .....                   (no boots)
Stlth   +.........              (no amulet)
HPRegen 0.07/turn               (no ring)
MPRegen 0.08/turn               (no ring)

@: no status effects
A: big brain 1
a: no special abilities


You were on level 1 of the Dungeon.
You visited 1 branch of the dungeon, and saw 1 of its levels.

You collected 12 gold pieces.

Inventory:

Hand Weapons
 a - a +0 flail (weapon)
Missiles
 d - 3 throwing nets (quivered)
 e - a javelin
Armour
 b - a +0 leather armour (worn)
 c - a +0 helmet (worn)
Scrolls
 f - a scroll of enchant armour {unknown}


   Skills:
 + Level 2.1 Fighting
 + Level 2.8 Maces & Flails
 - Level 1.7 Throwing
 + Level 0.5 Armour
 + Level 2.8 Dodging


You had one spell level left.
You didn't know any spells.
Your spell library was empty.

Dungeon Overview and Level Annotations

Branches:
Dungeon (1/15)

Altars:


Innate Abilities, Weirdness & Mutations

You have an unusually large brain. (Int +2)


Message History

You kill the goblin!
No target in view!
A goblin comes into view. It is wielding a +0 dagger.
The goblin shouts!
A quokka comes into view.
The quokka bites you.
You closely miss the quokka. The quokka barely misses you.
You hit the quokka but do no damage. The quokka barely misses you.
The quokka bites you but does no damage.
You barely miss the quokka. The quokka closely misses you.
The teleport trap disappears.
The goblin disappears!
You closely miss the quokka. The quokka barely misses you.
The quokka bites you.
You closely miss the quokka. The quokka barely misses you. x2
You barely miss the quokka. The quokka bites you.
You hit the quokka but do no damage. The quokka bites you.
You hit the quokka.
The quokka is severely wounded.
The quokka barely misses you. The quokka bites you.
You are too injured to fight recklessly!
You are too injured to fight recklessly!
You are too injured to fight recklessly!
You are too injured to fight recklessly!
You are too injured to fight recklessly!
You closely miss the quokka.
The quokka is severely wounded.
The quokka bites you but does no damage. x2
You sock the quokka!
You kill the quokka!
You start resting.
HP restored.
A rat comes into view.
You hit the rat.
You kill the rat!
You have reached level 2!
Your demonic ancestry asserts itself...
Your brain expands.
Are you sure you want to abandon this character and quit the game? (Confirm with "yes".)
Okay, then.
Are you sure you want to abandon this character and quit the game? (Confirm with "yes".)

#.######### #.# #.# #
#.# # #.# ##### #### #.#
#.... . ..# #.# #.###
... #.# #.# #.# #
.~~~.#@######.#####.###
......................##
#.#.⌠.######............
#.P. ###..÷.####....
#P⌠.####.........#†.#.
#.P...................
P....###..........#..##
⌠⌠~ ##.##....##.#..# .
#...#....##.#..#


There were no monsters in sight!

Vanquished Creatures
  A dart slug (D:1)
  A bat (D:1)
  A goblin (D:1)
  A quokka (D:1)
  2 rats (D:1)
6 creatures vanquished.

Vanquished Creatures (others)
  A fungus (D:1)
1 creature vanquished.

Grand Total: 7 creatures vanquished

Notes
Turn   | Place    | Note
-------+----------+-------------------------------------------
     0 | D:1      | Artool the Demonspawn Gladiator began the quest for the
                  | Orb.
     0 | D:1      | Reached XP level 1. HP: 16/16 MP: 1/1
   423 | D:1      | Gained mutation: You have an unusually large brain. (Int
                  | +2) [demonic ancestry]
   423 | D:1      | Reached XP level 2. HP: 22/22 MP: 2/2
   423 | D:1      | Quit the game

Illustrated notes

Levels and vault maps discovered:
D:1:      lemuel_arrival_funnel, layout_loops_ring,
          shapermc_ecumenical_altar_acropolis, minmay_quantized

Action                   || total
-------------------------++-------
Melee: Flail             ||    22
Armor: Leather armour    ||     4
Dodge: Dodged            ||    13
